 Dungeon Crawl Stone Soup version 0.27-a0-1324-ge0d8e047f6 (webtiles) character file.

Game seed: 13411148613306714642

361 HESUNTHESUNT the Slasher (level 6, -2/47 HPs)
             Began as a Djinni Fighter on June 23, 2021.
             Slain by an ogre (19 damage)
             ... on level 4 of the Dungeon.
             The game lasted 00:14:35 (4604 turns).

HESUNTHESUNT the Slasher (Djinni Fighter)           Turns: 4604, Time: 00:14:36

Health: -2/47      AC:  8    Str: 17    XL:     6   Next: 98%
Gold:   195        EV:  7    Int:  9    God:
                   SH: 10    Dex: 19

rFire    + + .     SeeInvis .   a - +2 long sword
rCold    x . .     Faith    .   c - +0 kite shield
rNeg     . . .     Spirit   .   b - +0 scale mail
rPois    ∞         Reflect  .   (no helmet)
rElec    .         Harm     .   (no cloak)
rCorr    .         Rampage  .   p - +0 pair of gloves
Will     .....                  (boots unavailable)
Stlth    ..........             (no amulet)
HPRegen  0.15/turn              j - +6 ring of dexterity
MPRegen  0.00/turn              (no ring)

@: mighty, flying
A: sickness immunity, fire resistance 2, cold vulnerability 1, float, innate
caster, hp casting, extra vitality 1
a: no special abilities


You were on level 4 of the Dungeon.
You visited 1 branch of the dungeon, and saw 4 of its levels.

You collected 195 gold pieces.

Inventory:

Hand Weapons
 a - a +2 long sword (weapon)
Missiles
 g - 12 atropa-tipped darts (quivered)
 n - a throwing net
Armour
 b - a +0 scale mail (worn)
 c - a +0 kite shield (worn)
 p - a +0 pair of gloves (worn)
Jewellery
 j - a +6 ring of dexterity (left hand)
Scrolls
 e - 2 scrolls of holy word {unknown}
 h - 3 scrolls of torment {unknown}
 k - a scroll of magic mapping
 l - a scroll of immolation {unknown}
Potions
 f - 2 potions of attraction
 i - a potion of berserk rage {unknown}
 m - a potion of brilliance
 q - a potion of ambrosia


   Skills:
 + Level 3.6 Fighting
 * Level 4.4 Long Blades
 + Level 4.3 Armour
 + Level 4.1 Shields


You had 2 spell levels left.
You knew the following spells:

 Your Spells              Type           Power      Damage    Failure   Level
a - Corona                Hex            0%         N/A       99%         1
b - Searing Ray           Conj           0%         3d3       100%        2
Your spell library was empty.


Dungeon Overview and Level Annotations

Branches:
Dungeon (4/15)
 Temple: D:4-7

Altars:


Innate Abilities, Weirdness & Mutations

You are immune to sickness and miasma.
You are immune to poison.
Your flesh is very heat resistant. (rF++)
You are vulnerable to cold. (rC-)
You float through the air rather than walking.
You learn spells naturally, not from books.
Your magical power is your life essence.
You have superior vitality. (+4 HP)


Message History

No target in view!
No target in view!
No target in view!
No target in view!
No target in view!
HP restored.
There is a stone staircase leading down here.
Things that are here:
a +0 leather armour; a +0 dagger
Items here: )))) [[[.
e - 2 scrolls labelled DUNUSKEZOSS (gained 1)
Found a stone staircase leading down.
There is a stone staircase leading down here.
Found 22 arrows.
You see here 22 arrows.
There is a stone staircase leading down here.
Things that are here:
a +0 leather armour; a +0 dagger You now have 195 gold pieces (gained 12).
An ogre is nearby!
You feel very mighty all of a sudden.
You barely miss the ogre.
The ogre hits you with a +0 giant spiked club!!
Ouch! That really hurt!
You are too injured to fight recklessly!
You are too injured to fight recklessly!
You are too injured to fight recklessly!
You are too injured to fight recklessly!
You are too injured to fight recklessly!
You are too injured to fight recklessly!
You are too injured to fight recklessly!
You are too injured to fight recklessly!
You are too injured to fight recklessly!
You are too injured to fight recklessly!
You are too injured to fight recklessly!
You are too injured to fight recklessly!
You are too injured to fight recklessly!
You are too injured to fight recklessly!
The ogre hits you with a +0 giant spiked club!!
You die...

.###.# ..##.#
<....# ..####
.## .#
###############
.#
#.............#
O#
#.##########.##
.# #.# #@# .#
#.# #O# .####.#
#.# .(....# #$#
#####.# #.. #.#
### #####.#
......# #####.#


You could see an ogre.

Vanquished Creatures
  A necrophage (D:4)
  2 phantoms (D:3)
  An orc priest (D:4)
  A hound skeleton (D:4)
  An adder (D:2)
  A worm (D:2)
  3 dart slugs
  5 orcs
  6 ball pythons
  3 bats
  4 endoplasms
  2 giant cockroaches
  6 goblins
  2 hobgoblins
  7 jackals
  A quokka (D:3)
  9 frilled lizards
  3 kobolds
  2 rats (D:1)
60 creatures vanquished.

Notes
Turn   | Place    | Note
-------+----------+-------------------------------------------
     0 | D:1      | HESUNTHESUNT the Djinni Fighter began the quest for the
                  | Orb.
     0 | D:1      | Reached XP level 1. HP: 20/20 MP: 0/0
    32 | D:1      | Reached XP level 2. HP: 14/25 MP: 0/0
   464 | D:1      | Reached XP level 3. HP: 30/30 MP: 0/0
   464 | D:1      | Learned a level 1 spell: Corona
  1083 | D:2      | Found a faded altar of an unknown god.
  1418 | D:2      | Reached XP level 4. HP: 27/35 MP: 0/0
  2700 | D:4      | Noticed a phantom
  2700 | D:4      | Noticed a phantom
  2721 | D:4      | HP: 1/35 [phantom (6)]
  2767 | D:3      | HP: 1/35 [phantom (2)]
  3553 | D:4      | Reached XP level 5. HP: 24/40 MP: 0/0
  3553 | D:4      | Learned a level 2 spell: Searing Ray
  3792 | D:4      | Noticed an ogre
  3840 | D:4      | Noticed a necrophage
  3936 | D:3      | Killed a phantom
  3937 | D:3      | Reached XP level 6. HP: 19/46 MP: 0/0
  4342 | D:4      | Killed a necrophage
  4604 | D:4      | Slain by an ogre

Illustrated notes

Levels and vault maps discovered:
D:1:      amcnicky_arrival_blooded_trapdoor, layout_loops_ring,
          minmay_lizard_pond
D:2:      layout_basic, ebering_ecumenical_altar_hall
D:3:      layout_basic
D:4:      layout_loops_ring, amethyst_overflow_temple_binary

Skill      XL: |  1  2  3  4  5  6 |
---------------+-------------------+-----
Long Blades    | 2 3 4 |  4.4
Armour         | 4 |  4.3
Shields        | 4 |  4.1
Fighting       | |  3.6

Action                   |  1- 3 |  4- 6 || total
-------------------------+-------+-------++-------
Melee: Long sword        |    89 |   123 ||   212
Throw: Dart              |       |     1 ||     1
  Use: Potion            |       |     7 ||     7
       Scroll            |       |     6 ||     6
 Stab: Invisible         |       |     1 ||     1
Armor: Scale mail        |    70 |    51 ||   121
       Skin              |       |     1 ||     1
Dodge: Dodged            |    46 |    40 ||    86
Block: Kite shield       |    63 |    75 ||   138
       Rpst.: Long sword |    21 |     6 ||    27

Table legend: (Time is in decaauts)
 A = Elapsed time spent in this place.
 B = Non-inter-level travel time spent in this place.
 C = Inter-level travel time spent in this place.
 D = Time resting spent in this place.
 E = Time spent auto-exploring this place.
 F = Levels seen in this place.
 G = Mean time per level.
                   A        B        C        D        E       F      G
               +--------+--------+--------+--------+--------+-----+--------+
         Total |   4716 |   4120 |    596 |    703 |   2594 |   4 | 1179.0 |
       Dungeon |   4716 |   4120 |    596 |    703 |   2594 |   4 | 1179.0 |
               +--------+--------+--------+--------+--------+-----+--------+

Top non-repeatable levels by time:
     D:3: 1608 daAuts
     D:2: 1052 daAuts
     D:4: 1048 daAuts
     D:1: 1007 daAuts
